 Dungeon Crawl Stone Soup version 0.18-a0-1643-gb89d9db (webtiles) character file.

2880 MenacingMecha the Carver (level 9, -8/63 HPs)
             Began as a Demonspawn Gladiator on Mar 27, 2016.
             Was a Believer of Makhleb.
             Mangled by a small abomination (10 damage)
             ... on level 2 of the Abyss on Mar 28, 2016.
             The game lasted 01:07:55 (6833 turns).

MenacingMecha the Carver (Demonspawn Gladiator)     Turns: 6833, Time: 01:07:55

Health: -8/63      AC: 13    Str: 15    XL:     9   Next: 48%
Magic:  0/11       EV:  7    Int: 11    God:    Makhleb [**....]
Gold:   426        SH:  0    Dex: 16    Spells: 0 memorised, 8 levels left

rFire  . . .     SeeInvis .     H - +0 scimitar
rCold  . . .     Gourm    .     l - +0 chain mail
rNeg   . . .     Faith    .     (no shield)
rPois  .         Spirit   +     (helmet restricted)
rElec  .         Dismiss  .     B - +1 cloak
rCorr  .         Reflect  .     L - +0 pair of gloves
SustAt .         Harm     .     (no boots)
MR     .....                    (no amulet)
Stlth  ..........               E - +4 ring of slaying
                                (no ring)

@: confused, not resistant to hostile enchantments, extremely unstealthy
A: horns 2, rugged brown scales 1, magic shield, magic regeneration
a: Minor Destruction, Renounce Religion


You were on level 2 of the Abyss.
You worshipped Makhleb.
Makhleb was pleased with you.
You were not hungry.

You visited 2 branches of the dungeon, and saw 9 of its levels.
You visited the Abyss 1 time.
You also visited: Sewer.

You collected 426 gold pieces.

Inventory:

Hand Weapons
 a - a +1 long sword
 H - a +0 scimitar (weapon)
Missiles
 d - a throwing net
 w - 2 tomahawks (quivered)
Armour
 l - a +0 chain mail (worn)
 B - a +1 cloak (worn)
 L - a +0 pair of gloves (worn)
Jewellery
 q - an uncursed ring of protection from magic
 D - an uncursed amulet of faith
 E - a +4 ring of slaying (right hand)
Wands
 e - a wand of lightning (1/15)
 K - a wand of random effects (6/48)
 M - a wand of flame (19/48)
Scrolls
 b - a scroll of blinking {unknown}
 c - a scroll of magic mapping
 g - a scroll of enchant armour
 n - a scroll of random uselessness {unknown}
 r - 2 scrolls of teleportation
 t - 3 scrolls of recharging {unknown}
 u - 4 scrolls of identify
 y - a scroll of immolation {unknown}
 F - 2 scrolls of remove curse
 J - a scroll of fog {unknown}
Potions
 h - 2 potions of mutation {unknown}
 i - 3 potions of haste
 k - a potion of berserk rage {unknown}
 m - a potion of cancellation {unknown}
 o - 2 potions of might {unknown}
 v - a potion of beneficial mutation {unknown}
 x - 2 potions of brilliance {unknown}
 z - 2 potions of heal wounds
 A - 4 potions of flight
 C - 2 potions of curing {unknown}
 G - a potion of lignification {unknown}
 I - a potion of ambrosia {unknown}
Comestibles
 f - 10 bread rations
 p - a beef jerky
 s - 3 meat rations


   Skills:
 + Level 2.5 Fighting
 + Level 11.4 Long Blades
 - Level 1.7 Throwing
 - Level 3.1 Armour
 - Level 2.6 Dodging
 - Level 3.1 Invocations


You had 8 spell levels left.
You didn't know any spells.

Dungeon Overview and Level Annotations

Branches:
Dungeon (8/15)             Temple (1/1) D:5
   Lair: D:8-11

Altars:
Ashenzari
Cheibriados
Fedhas
Gozag
Kikubaaqudgha
Makhleb
Nemelex Xobeh
Okawaru
Pakellas
Qazlal
Ru
Sif Muna
Xom
Yredelemnul
Zin
The Shining One

Shops:
D:4 =

Annotations:
D:3 ontamu's ghost, amateur DEFE
D:4 Mukku's ghost, novice HONe
D:5 Pikel
D:6 orc warrior, epen's ghost, novice DrMo
D:8 Erolcha


Innate Abilities, Weirdness & Mutations

You have a pair of horns on your head.
You are partially covered in rugged brown scales (AC +1, +3% HP).
When hurt, damage is shared between your health and your magic reserves.
You regenerate magic rapidly.


Message History

The small abomination completely misses you.
You bump into the rock wall.
The small abomination hits you!
* * * LOW HITPOINT WARNING * * *
The golden eye blinks!
You hit the small abomination.
The small abomination is almost destroyed.
The small abomination hits you!
* * * LOW HITPOINT WARNING * * *
The small abomination barely misses you.
You bump into the rock wall.
The small abomination hits you.
All of the chunks of flesh in your inventory have rotted away.
You closely miss the small abomination.
The small abomination is almost destroyed.
The small abomination barely misses you.
The golden eye blinks at you.
You are more confused.
You bump into the rock wall.
The small abomination barely misses you.
The small abomination hits you!
You die...

..# .. ≈ .## # ≈≈≈♣≈
# ≈≈≈ ≈≈ #......#
###########.$.. . ##
.......@xG'.........
#########.#......###
##.####.# # .##.# #
# ## .# # #...# .. .
#.## ##. .. . ##
#.###..# .


You could see a small abomination and a golden eye.

Vanquished Creatures
  A spriggan (D:7)
  A hippogriff (D:7)
  A hungry ghost (D:7)
  A water moccasin (D:7)
  An orc warrior (D:7)
  A slave (D:5)
  5 ice beasts
  A sky beast (D:7)
  3 centaurs
  2 ogres (D:5)
  A crocodile (D:7)
  3 big kobolds (Sewer)
  3 giant frogs
  A wyvern zombie (D:7)
  A gnoll sergeant (D:7)
  2 scorpions
  4 hounds
  An orc priest (D:7)
  2 jellies (D:6)
  An iguana (D:7)
  4 orc wizards
  A worker ant (D:7)
  2 worker ant zombies
  A gnoll (D:7)
  A howler monkey skeleton (D:4)
  8 adders
  3 oozes
  A worm (D:2)
  A dart slug (D:2)
  7 giant geckos
  22 orcs
  7 giant cockroaches
  9 goblins
  9 hobgoblins
  9 jackals
  4 quokkas
  3 ball pythons
  7 bats
  A giant gecko zombie (D:7)
  6 giant newts
  14 kobolds
  A quokka zombie (D:6)
  9 rats
166 creatures vanquished.

Vanquished Creatures (others)
  A hydra (D:4)
1 creature vanquished.

Grand Total: 167 creatures vanquished

Notes
Turn   | Place    | Note
--------------------------------------------------------------
     0 | D:1      | MenacingMecha the Demonspawn Gladiator began the quest for the Orb.
     0 | D:1      | Reached XP level 1. HP: 16/16 MP: 1/1
   193 | D:1      | Reached skill level 3 in Long Blades
   380 | D:1      | Gained mutation: You have a pair of small horns on your head. [demonic ancestry]
   380 | D:1      | Reached XP level 2. HP: 22/22 MP: 2/2
   941 | D:2      | Gained mutation: When hurt, damage is shared between your health and your magic reserves. [demonic ancestry]
   941 | D:2      | Reached XP level 3. HP: 25/27 MP: 3/3
  1004 | D:2      | Reached skill level 4 in Long Blades
  1380 | D:2      | Found a deep blue altar of Sif Muna.
  1594 | D:3      | Noticed ontamu's ghost (amateur DEFE)
  1837 | D:3      | Gained mutation: You are partially covered in rugged brown scales (AC +1, +3% HP). [demonic ancestry]
  1837 | D:3      | Reached XP level 4. HP: 27/33 MP: 4/4
  2381 | D:4      | Found an oddly glowing altar of Pakellas.
  2382 | D:4      | Noticed a six-headed hydra
  2388 | D:4      | Killed a six-headed hydra
  2467 | D:4      | Reached skill level 5 in Long Blades
  2602 | D:4      | Gained mutation: You regenerate magic rapidly. [demonic ancestry]
  2602 | D:4      | Reached XP level 5. HP: 29/39 MP: 3/5
  2671 | D:4      | Found Liohip's Jewellery Emporium.
  2731 | D:4      | Found a glowing drain.
  2736 | Sewer    | Entered a sewer
  2769 | Sewer    | Reached skill level 6 in Long Blades
  2999 | Sewer    | Gained mutation: You have a pair of horns on your head. [demonic ancestry]
  2999 | Sewer    | Reached XP level 6. HP: 43/45 MP: 6/6
  3422 | D:4      | Noticed Mukku's ghost (novice HONe)
  3430 | D:5      | Entered Level 5 of the Dungeon
  3451 | D:5      | Reached skill level 7 in Long Blades
  3598 | D:5      | Noticed a hungry ghost
  3743 | D:5      | Noticed a slave
  3744 | D:5      | Noticed a slave
  3828 | D:6      | Noticed epen's ghost (novice DrMo)
  3859 | D:5      | Killed a slave
  3862 | D:5      | Noticed Pikel
  3932 | D:5      | Found a staircase to the Ecumenical Temple.
  3941 | Temple   | Entered the Ecumenical Temple
  4014 | Temple   | Became a worshipper of Makhleb the Destroyer
  4101 | D:5      | Found a blossoming altar of Fedhas.
  4185 | D:5      | Noticed an ice beast
  4194 | D:5      | Killed an ice beast
  4194 | D:5      | Reached XP level 7. HP: 34/51 MP: 5/7
  4392 | D:5      | Reached skill level 8 in Long Blades
  4719 | D:6      | Reached skill level 9 in Long Blades
  4719 | D:6      | Reached XP level 8. HP: 54/57 MP: 8/8
  5345 | D:5      | Reached * piety under Makhleb
  5583 | D:7      | Reached skill level 10 in Long Blades
  6069 | D:7      | Reached skill level 11 in Long Blades
  6075 | D:7      | Reached XP level 9. HP: 62/62 MP: 7/9
  6093 | D:7      | Reached skill level 1 in Armour
  6149 | D:7      | Reached ** piety under Makhleb
  6515 | D:7      | Reached skill level 1 in Invocations
  6786 | D:8      | Noticed Erolcha
  6786 | D:8      | Cast into level 2 of the Abyss (Erolcha)
  6830 | Abyss:2  | HP: 1/63 [small abomination (9)]
  6833 | Abyss:2  | Mangled by a small abomination

Vault maps used:
D:1:      lightli_arrival_statue_moat
D:2:      lemuel_blue_sif_altar
D:3:      lightli_corner_chamber, uniq_sigmund
D:4:      serial_shops, kennysheep_mini, gup_sewer_entry_bowl,
          corexii_hall_statues_x, fountainhead,
          gammafunk_pakellas_cloud_experiment
D:5:      fedhas_altar_1, temple_hall, first_bread, minmay_item_behind_shaft,
          amalloy_card_club, uniq_pikel
D:6:      grunt_temple_overflow_open, grunt_ministairs_6, uniq_eustachio
D:7:      wad_river_or_something, the_bakery
D:8:      nicolae_overflow_hidden_temple, basic_loot_grate_trap, uniq_erolcha
Temple:   nicolae_temple_god_jail
Abyss:2:  guppyfry_abyss_exit_imp_island
Sewer:    kennysheep_pipe_town

Skill      XL: |  1  2  3  4  5  6  7  8  9 |
---------------+----------------------------+-----
Long Blades    | 3 4 5 6 7 9 11 | 11.4
Armour         | 3 |  3.1
Invocations    | 3 |  3.1
Fighting       | |  2.5
Throwing       | |  1.7
Dodging        | |  2.6

Action                   |  1- 3 |  4- 6 |  7- 9 || total
-------------------------+-------+-------+-------++-------
Melee: Long sword        |   120 |   221 |   134 ||   475
       Scimitar          |       |       |    97 ||    97
Throw: Throwing net      |     5 |     4 |     2 ||    11
       Tomahawk          |       |       |    19 ||    19
Invok: Minor Destruction |       |       |    14 ||    14
Evoke: Wand              |       |       |     2 ||     2
  Use: Scroll            |       |       |     8 ||     8
       Potion            |       |       |     3 ||     3
 Stab: Held in net/web   |       |       |     1 ||     1
  Eat: Chunk             |     3 |     7 |    13 ||    23
